 Dungeon Crawl Stone Soup version 0.17-a0-1887-g3e50df6 (webtiles) character file.

1050 GrandHerb the Skirmisher (level 8, -2/71 HPs)
             Began as a Hill Orc Fighter on Sept 23, 2015.
             Slain by a troll (8 damage)
             ... on level 3 of the Dungeon.
             The game lasted 00:43:43 (5260 turns).

GrandHerb the Skirmisher (Hill Orc Fighter)         Turns: 5260, Time: 00:43:43

Health: -2/71      AC: 11    Str: 16    XL:     8   Next: 26%
Magic:  8/8        EV: 10    Int:  8    God:
Gold:   203        SH:  9    Dex: 12    Spells: 0 memorised, 7 levels left

rFire  . . .     SeeInvis .     a - +1 trident
rCold  . . .     Clarity  .     n - +0 ring mail of Gek Joagule {rPois rN+ Str-3 Stlth+} (curse)
rNeg   + . .     SustAt   .     c - +0 shield
rPois  +         Gourm    .     h - +0 helmet
rElec  .         Spirit   .     (no cloak)
rCorr  .         Warding  .     i - +0 pair of gloves
rMut   .         Stasis   .     p - +2 pair of boots
MR     .....                    (no amulet)
Stlth  ++........               (no ring)
                                (no ring)

@: not resistant to hostile enchantments, unstealthy
A: mutation resistance 1
a: no special abilities


You were on level 3 of the Dungeon.
You were very hungry.

You visited 1 branch of the dungeon, and saw 4 of its levels.

You collected 203 gold pieces.

Inventory:

Hand weapons
 a - a +1 trident (weapon)
Missiles
 g - a throwing net (quivered)
Armour
 b - a +0 scale mail
 c - a +0 shield (worn)
 h - a +0 helmet (worn)
 i - a +0 pair of gloves (worn)
 n - the cursed +0 ring mail of Gek Joagule (worn) {rPois rN+ Str-3 Stlth+}
   (You found it on level 4 of the Dungeon)

   It affects your strength (-3).
   It protects you from poison.
   It protects you from negative energy.
   It makes you more stealthy.
   It has a curse placed upon it.
 p - a +2 pair of boots (worn)
 v - a +0 plate armour
Magical devices
 r - a wand of flame (34)
 s - a wand of magic darts (27)
Scrolls
 f - 3 scrolls of fear
 k - a scroll of amnesia
 l - a scroll of teleportation
Potions
 d - a potion of might
 o - a potion of degeneration
 q - a potion of magic
 w - 2 potions of flight
Comestibles
 e - 5 bread rations
 j - 5 meat rations
 m - a royal jelly


   Skills:
 + Level 6.4 Fighting
 + Level 4.9 Polearms
 + Level 5.4 Armour
 + Level 3.3 Dodging
 + Level 5.6 Shields


You had 7 spell levels left.
You didn't know any spells.

Dungeon Overview and Level Annotations

Branches:
Dungeon (4/15)
 Temple: D:4-7

Altars:
Elyvilon


Innate Abilities, Weirdness & Mutations

You are somewhat resistant to further mutation.


Message History

There is a huge open gate here.
You block the troll's attack. The troll claws you!
* * * LOW HITPOINT WARNING * * *
The troll closely misses you.
Drink which item? (? for menu, Esc to quit)
It was a potion of beneficial mutation.
You feel genetically stable.
You feel fantastic! You block the troll's attack. The troll barely misses you.
The troll claws you but does no damage. You block the troll's attack.
The troll claws you.
* * * LOW HITPOINT WARNING * * *
You block the troll's attack.
You enter the shallow water.
Moving in this stuff is going to be slow.
You block the troll's attack. The troll completely misses you.
The troll claws you.
* * * LOW HITPOINT WARNING * * *
You completely miss the plant. You block the troll's attack.
The troll claws you!
You die...

#....≈≈≈.#.#....#.#....
#....≈≈≈.#.#....###'###
#....≈≈###'#....'......
#....≈≈#...############
#....≈≈#...#...........
#....≈≈#####≈≈≈≈≈≈≈≈≈≈≈
#....≈≈≈≈≈≈≈≈≈≈≈≈≈≈≈≈≈≈
#....≈T≈≈≈≈≈≈≈≈≈≈≈≈≈≈≈≈
#.....@........P.......
#......P......†........
#######################


You could see a troll.

Vanquished Creatures
  The ghost of wvc the Changer, an average DsTm of Cheibriados (D:4)
  A phantom (D:3)
  An ogre (D:3)
  The ghost of silentphantom the Cudgeler, a weakling TrBe of Trog (D:3)
  4 gnoll shamans (D:3)
  A worker ant (D:3)
  A hound zombie (D:4)
  4 adders
  36 gnolls
  An ooze (D:3)
  5 worms
  6 bats
  A giant cockroach (D:3)
  5 hobgoblins
  19 jackals
  3 quokkas (D:3)
  2 ball pythons
  3 giant geckos
  8 giant newts
  7 goblins
  8 kobolds
  5 rats
123 creatures vanquished.

Notes
Turn   | Place    | Note
--------------------------------------------------------------
     0 | D:1      | GrandHerb the Hill Orc Fighter began the quest for the Orb.
     0 | D:1      | Reached XP level 1. HP: 19/19 MP: 1/1
   362 | D:1      | Reached XP level 2. HP: 22/27 MP: 2/2
   510 | D:1      | Reached skill level 4 in Fighting
  1076 | D:2      | Reached XP level 3. HP: 33/33 MP: 3/3
  1348 | D:2      | Reached skill level 1 in Dodging
  1380 | D:2      | Found a faded altar to an unknown god.
  1583 | D:2      | Found a white marble altar of Elyvilon.
  1918 | D:3      | Noticed a phantom
  2220 | D:3      | Killed a phantom
  2220 | D:3      | Reached XP level 4. HP: 13/41 MP: 4/4
  2220 | D:3      | Reached XP level 5. HP: 14/47 MP: 5/5
  3012 | D:3      | Reached XP level 6. HP: 49/55 MP: 6/6
  3513 | D:3      | Reached skill level 5 in Fighting
  3877 | D:3      | Noticed silentphantom's ghost (weakling TrBe)
  3933 | D:3      | Reached XP level 7. HP: 61/61 MP: 7/7
  4296 | D:3      | Killed silentphantom's ghost
  4380 | D:3      | Noticed an ogre
  4399 | D:3      | Reached skill level 5 in Shields
  4419 | D:3      | Killed an ogre
  4791 | D:3      | Reached skill level 6 in Fighting
  4832 | D:3      | Reached skill level 5 in Armour
  4845 | D:3      | Reached XP level 8. HP: 70/70 MP: 8/8
  4947 | D:4      | Noticed wvc's ghost (average DsTm)
  4991 | D:4      | Killed wvc's ghost
  4999 | D:4      | Got a transparent ring mail
  5011 | D:4      | Identified the cursed +0 ring mail of Gek Joagule {rPois rN+ Str-3 Stlth+} (You found it on level 4 of the Dungeon)
  5066 | D:4      | Noticed a troll
  5167 | D:3      | HP: 1/71 [troll (6)]
  5242 | D:3      | Gained mutation: You are somewhat resistant to further mutation. [potion of beneficial mutation]
  5260 | D:3      | Slain by a troll

Vault maps used:
D:1:      evilmike_arrival_rings
D:2:      elyvilon_altar_5, ecumenical_altar_2, minmay_newt_pond
D:3:      lemuel_castle_with_subvaults
D:4:      first_bread, nemelex_dance_club_becter

Action                   |  1- 3 |  4- 6 |  7- 9 || total
-------------------------+-------+-------+-------++-------
Melee: Trident           |   197 |   327 |   252 ||   776
  Use: Scroll            |     2 |     4 |     2 ||     8
       Potion            |       |       |     1 ||     1
  Eat: Chunk             |     3 |     8 |     2 ||    13
       Beef jerky        |       |       |     1 ||     1
